 Dungeon Crawl Stone Soup version 0.31.0-11-ge490571c62 (webtiles) character file.

Game seed: 6656044172473602660

989 hawla the Gouger (level 7, -11/52 HPs)
             Began as a Felid Shapeshifter on Jan 27, 2024.
             Was an Initiate of Makhleb.
             Mangled by an orc warrior
             ... wielding a +0 glaive
              (12 damage)
             ... on level 6 of the Dungeon.
             The game lasted 00:10:16 (5616 turns).

hawla the Gouger (Felid Shapeshifter)               Turns: 5616, Time: 00:10:17

Health: -11/52     AC: 23    Str: 12    XL:     7   Next: 98%
Magic:  9/9        EV:  4    Int: 14    God:    Makhleb [......]
Gold:   86         SH:  0    Dex: 15    Spells: 6/6 levels left
                                        Lives:  0   Deaths: 3

rFire   . .          .
                       - Unarmed
rCold   . . .        (shield unavailable)
rNeg    . . .        (body armour unavailable)
rPois   +            (helmet unavailable)
rElec   .            (cloak unavailable)
rCorr   .            (gloves unavailable)
SInv    +            (boots unavailable)
Will    +....        (no amulet)
Stlth   ++           (no ring)
HPRegen 0.28/turn    (no ring)
MPRegen 0.11/turn

%: no passive effects
@: tree-form
A: stationary, stasis, torment immunity, boosted hp, very small, (claws 1),
(fangs 3), see invisible, (shaggy fur 2), (stealthy paws), no weapons or thrown
items, no armour, multi-lived
a: Renounce Religion


You were on level 6 of the Dungeon.
You worshipped Makhleb.
Makhleb was noncommittal.
You were a tree.
You visited 2 branches of the dungeon, and saw 7 of its levels.

You collected 281 gold pieces.
You spent 195 gold pieces at shops.

Inventory:

Jewellery
 j - an amulet of magic regeneration
Talismans
 b - a beast talisman
 c - a flux talisman
 k - a dragon-blood talisman
Wands
 p - a wand of quicksilver (14)
Scrolls
 a - a scroll of fear {unknown}
 g - 3 scrolls of teleportation
 h - 2 scrolls of enchant weapon {unknown}
 m - 3 scrolls of identify
 o - a scroll of poison {unknown}
Potions
 d - a potion of attraction
 e - 2 potions of curing
 f - a potion of enlightenment
 i - 2 potions of brilliance
 l - a potion of resistance
 n - a potion of ambrosia


   Skills:
 - Level 2.0 Fighting
 - Level 4.0 Dodging
 - Level 1.0 Stealth
 - Level 8.0 Unarmed Combat
 - Level 2.0 Invocations
 * Level 4.2 Shapeshifting


You had 6 spell levels left.
You didn't know any spells.
Your spell library was empty.

Dungeon Overview and Level Annotations

Branches:
Dungeon (6/15)             Temple (1/1) D:6

Altars:
Ashenzari
Dithmenos
Elyvilon
Fedhas
Gozag
Kikubaaqudgha
Makhleb
Nemelex Xobeh
Okawaru
Ru
Sif Muna
Trog
Uskayaw
Vehumet
Wu Jian
Yredelemnul
Zin
The Shining One

Shops:
D:5 !


Innate Abilities, Weirdness & Mutations

You are a tree.
Your roots penetrate the ground, keeping you stationary.
You cannot be teleported.
You are immune to unholy pain and torment.
Your maximum health is greatly increased.
((You have sharp claws.))
((You have razor-sharp teeth.))
You have supernaturally acute eyesight. (SInv)
((You are covered in thick fur. (AC +2)))
((Your paws help you pounce on unaware monsters.))
You are incapable of wielding weapons or throwing items.
You cannot wear armour.
You gain extra lives every three experience levels.


Message History

Makhleb accepts your kill.
No target in view!
p - a wand of quicksilver (15)
q - a potion of lignification
m - 3 scrolls of identify (gained 1)
An orc comes into view. It is wielding a +0 club.
An orc warrior comes into view. It is wielding a +0 glaive.
The orc shouts!
You hear a shout!
An orc comes into view. It is wielding a +0 hand axe.
The orc shouts!
You claw the orc!
You kill the orc!
Makhleb accepts your kill.
An orc comes into view. It is wielding a +0 hand axe.
Aiming: Quicksilver Bolt
Press: ? - help, Shift-Dir - straight line, f - orc
Aim: an orc, wielding a +0 club and wearing a +0 leather armour (71% to hit)
The bolt of dispelling energy hits the orc warrior.
The orc warrior is lightly wounded.
The bolt of dispelling energy hits the orc!
You kill the orc!
Makhleb accepts your kill.
The bolt of dispelling energy hits the orc!
You kill the orc!
Makhleb accepts your kill.
The orc warrior hits you from afar with a +0 glaive!
The orc warrior hits you with a +0 glaive!
You barely miss the orc warrior. You bite the orc warrior.
The orc warrior is lightly wounded.
The orc warrior closely misses you.
You closely miss the orc warrior.
You bite the orc warrior, but do no damage.
The orc warrior is lightly wounded.
The orc warrior hits you with a +0 glaive!!
Ouch! That really hurt!
* * * LOW HITPOINT WARNING * * *
Your transformation has ended.
You turn into a tree.
Your roots penetrate the ground.
The orc warrior hits you with a +0 glaive!
You die...

.##........#..#...#..#.##
##.###
.......#.###..##.##..###
### ......#..#
#.....)...# ..P.P.#(##
#.........# ...>..#.#
#####.##### ..P.P..##
#.####.# #.....###
#......# .#......#
######.# ........# #♣#
...#....# #o# ###.....#
.). #.#....# .#)##
##.#.#### #...# ..##.# #
### .....## ......#
#####.###


You could see an orc warrior.

Vanquished Creatures
  A water moccasin (D:6)
  An ogre (D:4)
  A phantom (D:5)
  A howler monkey (D:6)
  A hound (D:6)
  A jelly (D:6)
  7 orc priests
  6 iguanas
  2 orc wizards
  A gnoll (D:3)
  6 adders
  A shadow imp (D:6)
  A dart slug (D:4)
  A ribbon worm (D:2)
  30 orcs
  9 ball pythons
  6 bats
  6 endoplasms
  3 giant cockroaches
  10 goblins
  8 hobgoblins
  4 jackals (D:3)
  3 quokkas
  5 frilled lizards (D:3)
  9 kobolds
  6 rats
130 creatures vanquished.

Notes
Turn   | Place    | Note
-------+----------+-------------------------------------------
     0 | D:1      | hawla the Felid Shapeshifter began the quest for the Orb.
     0 | D:1      | Reached XP level 1. HP: 10/10 MP: 2/2
    54 | D:1      | Found a faded altar of an unknown god.
   311 | D:1      | Slain by a kobold
   311 | D:1      | Lost a life (0 lives remaining)
   328 | D:1      | Reached XP level 2. HP: 14/14 MP: 3/3
  1193 | D:2      | Found a blossoming altar of Fedhas.
  1212 | D:2      | Reached skill level 4 in Unarmed Combat
  1359 | D:2      | Reached XP level 3. HP: 18/18 MP: 4/4
  1581 | D:2      | Reached XP level 4. HP: 22/22 MP: 5/5
  1581 | D:2      | Gained a life (1 life remaining)
  1597 | D:3      | Reached skill level 5 in Unarmed Combat
  2584 | D:3      | Reached XP level 5. HP: 25/25 MP: 6/6
  2792 | D:4      | Reached skill level 6 in Unarmed Combat
  3068 | D:4      | Noticed an ogre
  3075 | D:4      | Killed an ogre
  3076 | D:4      | Reached skill level 7 in Unarmed Combat
  3076 | D:4      | Gained mutation: You are covered in thick fur. (AC +2)
                  | [Felid growth]
  3076 | D:4      | Reached XP level 6. HP: 30/30 MP: 7/7
  3511 | D:4      | Found a sacrificial altar of Ru.
  3576 | D:4      | Identified the +2 quick blade of Xaumow {drain, Str+4}
  3884 | D:5      | Entered Level 5 of the Dungeon
  4046 | D:5      | Found Sefiur's Distillery.
  4059 | D:5      | Bought a potion of ambrosia for 120 gold pieces
  4059 | D:5      | Bought a potion of heal wounds for 75 gold pieces
  4355 | D:5      | Killed from afar by an orc priest
  4355 | D:5      | Lost a life (0 lives remaining)
  4436 | D:5      | Reached skill level 8 in Unarmed Combat
  4436 | D:5      | Reached XP level 7. HP: 33/33 MP: 8/8
  4436 | D:5      | Gained a life (1 life remaining)
  4616 | D:6      | Reached skill level 1 in Stealth
  4616 | D:6      | Found a staircase to the Ecumenical Temple.
  4645 | Temple   | Entered the Ecumenical Temple
  4677 | Temple   | Became a worshipper of Makhleb the Destroyer
  4737 | D:6      | Found an ornate altar of the Wu Jian Council.
  4822 | D:6      | Found an ancient bone altar of Kikubaaqudgha.
  4823 | D:6      | Found a blossoming altar of Fedhas.
  4878 | D:6      | Reached skill level 1 in Invocations
  5067 | D:6      | Killed from afar by an orc priest
  5067 | D:6      | Lost a life (0 lives remaining)
  5411 | D:6      | Found an opulent altar of Gozag.
  5615 | D:6      | HP: 1/35 [orc warrior/+0 glaive (18)]
  5616 | D:6      | Mangled by an orc warrior

Illustrated notes

Levels and vault maps discovered:
D:1:      eino_arrival_cavern_b, layout_basic,
          ebering_ecumenical_altar_sacrificial,
          amcnicky_mini_rare_corridor_liquid, chequers_avenue,
          wad_woods_river_04
D:2:      layout_basic, basic_altar, corexii_leaking_fountain, uniq_sigmund
D:3:      kb_forest_paths, layout_basic, minmay_checkerbox
D:4:      layout_basic, nicolae_overflow_hidden_temple, st_stairs_10,
          minmay_starry_boxes
D:5:      layout_loops_cross, serial_shops, nicolae_shop_waterfront
D:6:      layout_loops_cross, grunt_temple_overflow_growth_and_decay,
          nicolae_gozag_cash_rules_everything_around_me,
          nicolae_overflow_crystal_walls, minmay_temple_entry_trees,
          minmay_misc_feat_square
Temple:   oiseaux_autumnal_temple

Skill      XL: |  1  2  3  4  5  6  7 |
---------------+----------------------+-----
Dodging        | 3 4 |  4.0
Unarmed Combat | 4 5 7 8 |  8.0
Stealth        | 1 |  1.0
Fighting       | 2 |  2.0
Invocations    | 2 |  2.0
Shapeshifting  | 4 |  4.2

Action                     |  1- 3 |  4- 6 |  7- 9 || total
---------------------------+-------+-------+-------++-------
  Melee: Unarmed           |    89 |   167 |    91 ||   347
         Bite              |    10 |    11 |    11 ||    32
         Punch             |     1 |     3 |     2 ||     6
  Evoke: Wand              |       |       |     1 ||     1
    Use: Potion            |     1 |     4 |     3 ||     8
         Scroll            |       |     7 |     1 ||     8
   Stab: Sleeping          |     1 |     1 |     2 ||     4
 Armour: Skin              |    27 |    84 |    23 ||   134
  Dodge: Dodged            |    71 |    97 |    55 ||   223
